 Dungeon Crawl Stone Soup version 0.21-a0-267-ga5fc350 (webtiles) character file.

18116 Chiseanne the Pandemonic (level 12, -15/103 HPs)
             Began as a Demonspawn Wanderer on Sept 12, 2017.
             Was a High Priest of Makhleb.
             Demolished by Urug
             ... wielding a +3 demon trident of electrocution
              (20 damage)
             ... on level 14 of the Dungeon on Sept 13, 2017.
             The game lasted 00:50:48 (12720 turns).

Chiseanne the Pandemonic (Demonspawn Wanderer)     Turns: 12720, Time: 00:50:48

Health: -15/103    AC: 27    Str: 15    XL:     12   Next: 24%
Magic:  21/21      EV: 16    Int: 15    God:    Makhleb [*****.]
Gold:   92         SH:  0    Dex: 16    Spells: 11/11 levels left

rFire    . . .     SeeInvis .   a - +9 glaive of the Abyss {chaos, Int+2}
rCold    . . .     Gourm    .   (shield currently unavailable)
rNeg     + . .     Faith    +   m - +0 pearl dragon scales
rPois    .         Spirit   .   (no helmet)
rElec    .         Reflect  .   p - +2 cloak
rCorr    .         Harm     .   (no gloves)
MR       .....                  G - +2 pair of boots
Stlth    +.........             D - amulet of faith
HPRegen  0.27/turn              s - +2 ring of evasion
MPRegen  0.17/turn              i - +6 ring of protection

@: no status effects
A: rugged brown scales 3, powered by death 1
a: Minor Destruction, Lesser Servant of Makhleb, Major Destruction, Greater
Servant of Makhleb, Renounce Religion


You were on level 14 of the Dungeon.
You worshipped Makhleb.
Makhleb was extremely pleased with you.
You were hungry.

You visited 1 branch of the dungeon, and saw 14 of its levels.
You visited 1 bazaar.
You also visited: Sewer and Ice Cave.

You collected 796 gold pieces.
You spent 704 gold pieces at shops.

Inventory:

Hand Weapons
 a - the +9 glaive of the Abyss (weapon) {chaos, Int+2}
   (You found it on level 8 of the Dungeon)

   Each time it hits an enemy it has a different, random effect.
   It affects your intelligence (+2).
 c - the +2 rapier "Hymuleps" {flame, rPois rN+ Str+3 SInv}
   (You found it on level 12 of the Dungeon)

   It has been specially enchanted to burn those struck by it, causing extra
   injury to most foes and up to half again as much damage against particularly
   susceptible opponents.
   It affects your strength (+3).
   It protects you from poison.
   It protects you from negative energy.
   It lets you see invisible.
 L - the +10 short sword "Must" {freeze, -Tele +Inv rF+ MP+9 Dex+7}
   (You found it on level 13 of the Dungeon)

   It has been specially enchanted to freeze those struck by it, causing extra
   injury to most foes and up to half again as much damage against particularly
   susceptible opponents.
   It can also slow down cold-blooded creatures.
   It affects your dexterity (+7).
   It protects you from fire.
   It affects your magic capacity (+9).
   It lets you turn invisible.
   It prevents most forms of teleportation.
 O - a +3 flail of crushing
 P - a +0 blowgun
 Z - the +2 rapier of Eblewn {venom, +Inv rF- rC++ Stlth+}
   (You found it on level 11 of the Dungeon)

   It poisons the flesh of those it strikes.
   It makes you vulnerable to fire.
   It greatly protects you from cold.
   It lets you turn invisible.
   It makes you more stealthy.
Missiles
 d - 93 sling bullets
 e - 207 arrows
 k - 41 bolts
 U - 3 tomahawks (quivered)
Armour
 m - +0 pearl dragon scales (worn)
 p - a +2 cloak (worn)
 w - a +1 troll leather armour {Purgy}
 C - a +2 chain mail of poison resistance
 G - a +2 pair of boots (worn)
 X - a +1 buckler of fire resistance
Magical Staves
 B - an uncursed staff of power
Jewellery
 i - a +6 ring of protection (right hand)
 s - a +2 ring of evasion (left hand)
 D - an amulet of faith (around neck)
 H - an uncursed ring of ice
 V - an uncursed ring of flight
Wands
 n - a wand of paralysis (8/24)
 v - a wand of lightning (6/15)
 z - a wand of acid (10/15)
 N - a wand of iceblast (2/15)
Scrolls
 b - 11 scrolls of teleportation
 g - 4 scrolls of remove curse
 o - a scroll of enchant weapon
 q - 3 scrolls of amnesia
 r - 2 scrolls of immolation
 x - 7 scrolls of blinking
 F - a scroll of magic mapping
 W - a scroll of fog
Potions
 h - 5 potions of curing
 j - a potion of haste
 t - 4 potions of agility
 u - 2 potions of invisibility
 y - a potion of berserk rage {unknown}
 A - a potion of flight
 E - a potion of mutation
 I - a potion of heal wounds {unknown}
 J - 2 potions of magic
 K - a potion of ambrosia {unknown}
 M - 3 potions of brilliance
 R - 4 potions of might
 S - a potion of resistance
Books
 Q - a book of Misfortune

   Spells                             Type                      Level
   a - Confusing Touch                Hexes                        1
   b - Confuse                        Hexes                        3
   c - Gell's Gravitas                Translocation                3
   d - Petrify                        Transmutation/Earth          4
   e - Metabolic Englaciation         Hexes/Ice                    5
   f - Yara's Violent Unravelling     Hexes/Transmutation          5
 T - a book of Maledictions

   Spells                             Type                      Level
   a - Corona                         Hexes                        1
   b - Ensorcelled Hibernation        Hexes/Ice                    2
   c - Confuse                        Hexes                        3
   d - Tukima's Dance                 Hexes                        3
   e - Dazzling Spray                 Conjuration/Hexes            3
Miscellaneous
 Y - a box of beasts
Comestibles
 f - 11 bread rations
 l - 7 meat rations


   Skills:
 - Level 10.1 Fighting
 - Level 2.1 Maces & Flails
 * Level 8.0 Polearms
 * Level 5.3 Armour
 * Level 9.8 Dodging
 - Level 3.6 Stealth
 * Level 12.4 Invocations
 - Level 1.0 Evocations


You had 11 spell levels left.
You didn't know any spells.

Dungeon Overview and Level Annotations

Branches:
Dungeon (14/15)            Temple (0/1) D:5            Lair (0/6) D:10
    Orc (0/2) D:9          Vaults (0/5) D:13

Altars:
Ashenzari
Dithmenos
Elyvilon
Fedhas
Kikubaaqudgha
Makhleb
Okawaru
Wu Jian
Xom
Yredelemnul
Zin
The Shining One

Annotations:
D:14 Urug


Innate Abilities, Weirdness & Mutations

You are completely covered in rugged brown scales. (AC +3, +7% HP)
You regenerate a little health from kills.


Message History

Okay, then.
Urug the Orcish Ballista comes into view.
She is wielding a demon trident of electrocution.
Urug shouts!
A phantom comes into view.
You start waiting.
Urug hits you but does no damage.
You slash Urug! You burn Urug.
Urug is moderately wounded.
Urug drinks a potion.
Urug seems to grow stronger.
You slash Urug!
Urug flickers and vanishes!
Deactivating autopickup; reactivate with Ctrl-A.
Something hits you but does no damage. x2
You closely miss something. Something hits you!
You are electrocuted!
You closely miss something. Something hits you but does no damage.
You slash something! Lightning courses through something! Something hits you!
You barely miss something. Something hits you!
You are electrocuted!
You closely miss something. Something hits you!!!
* * * LOW HITPOINT WARNING * * *
You are electrocuted!
You die...

########## #.........
#......... #.<.......
. #.........
..##########.........
.....................
........@..(.........
#####.{########.....
#..# ..... #..# .....
#..# .. #..# #..#
...# W..#


There were no monsters in sight!

Vanquished Creatures
  2 vault guards (D:12)
  A hydra (D:12)
  2 two-headed ogres
  A tengu warrior (D:13)
  A deep elf mage (D:12)
  An ugly thing (D:11)
  Maurice (D:13)
  A gargoyle (D:11)
  A centaur skeleton (D:12)
  2 trolls
  Prince Ribbit (D:5)
  A hornet (D:12)
  2 hippogriffs
  Sigmund (D:4)
  A wyvern (D:11)
  A spriggan (D:7)
  10 yaks
  A hungry ghost (D:11)
  2 vampire mosquitoes (D:13)
  8 wargs
  Edmund (D:6)
  Duvessa (D:6)
  An acid dragon (D:13)
  8 orc warriors
  Purgy (Sewer)
  3 black bears
  5 sky beasts
  3 ice beasts
  A phantom (D:5)
  A necrophage (D:7)
  7 ogres
  A boggart (D:6)
  4 centaurs
  A crocodile (D:11)
  10 bullfrogs
  A big kobold (D:10)
  Dowan (D:6)
  5 scorpions
  7 wights
  A killer bee (D:13)
  2 howler monkeys (D:10)
  9 crimson imps
  3 quasits
  A centaur zombie (D:5)
  4 jellies
  10 orc priests
  Crazy Yiuf (D:2)
  9 hounds
  Ijyb (D:4)
  A bullfrog skeleton (D:6)
  5 iguanas
  13 orc wizards
  17 worker ants
  A hound zombie (D:7)
  A hound skeleton (D:6)
  A worker ant zombie (D:8)
  A howler monkey skeleton (D:6)
  14 adders
  A river rat (D:3)
  5 shadow imps
  An ooze (D:1)
  An adder zombie (D:6)
  3 worms
  A dart slug (D:2)
  5 leopard geckos
  46 orcs
  2 ball pythons
  7 bats
  7 giant cockroaches
  7 hobgoblins
  19 jackals
  5 quokkas
  A ball python skeleton (D:4)
  6 frilled lizards
  A giant cockroach zombie (D:3)
  10 goblins
  20 kobolds
  A quokka skeleton (D:7)
  7 rats
  2 plants (D:10)
356 creatures vanquished.

Vanquished Creatures (collateral kills)
  A vault guard (D:12)
  A warg (D:11)
  A hound (D:12)
  3 orc wizards (D:11)
6 creatures vanquished.

Vanquished Creatures (others)
  A vault guard (D:12)
  A quokka (D:2)
  A rat (D:2)
3 creatures vanquished.

Grand Total: 365 creatures vanquished

Notes
Turn   | Place    | Note
-------+----------+-------------------------------------------
     0 | D:1      | Chiseanne the Demonspawn Wanderer began the quest for the Orb.
     0 | D:1      | Chiseanne set off with: a +2 spear, 2 scrolls of teleportation, a +0 robe, a +0 dagger, a bread ration
     0 | D:1      | Reached XP level 1. HP: 18/18 MP: 1/1
   308 | D:1      | Reached skill level 1 in Dodging
   308 | D:1      | Gained mutation: You are partially covered in rugged brown scales. (AC +1, +3% HP) [demonic ancestry]
   308 | D:1      | Reached XP level 2. HP: 18/24 MP: 2/2
  1028 | D:1      | Gained mutation: You regenerate a little health from kills. [demonic ancestry]
  1028 | D:1      | Reached XP level 3. HP: 26/29 MP: 3/3
  1373 | D:2      | Reached XP level 4. HP: 31/36 MP: 4/4
  1423 | D:2      | Found a white marble altar of Elyvilon.
  1509 | D:2      | Found a runed door.
  1915 | D:2      | Noticed Crazy Yiuf
  1919 | D:2      | Killed Crazy Yiuf
  1969 | D:3      | Found a faded altar of an unknown god.
  1969 | D:3      | Found an iron altar of Okawaru.
  1971 | D:3      | Found an ornate altar of the Wu Jian Council.
  1973 | D:3      | Found a burning altar of Makhleb.
  2068 | D:3      | Became a worshipper of Makhleb the Destroyer
  2071 | D:3      | Reached XP level 5. HP: 43/43 MP: 5/5
  2492 | D:3      | Found a blossoming altar of Fedhas.
  2525 | D:3      | Found a glowing golden altar of the Shining One.
  2586 | D:3      | Found a glowing drain.
  2596 | Sewer    | Entered a sewer
  2818 | Sewer    | Noticed Purgy
  2823 | Sewer    | Killed Purgy
  2823 | Sewer    | Gained mutation: You are mostly covered in rugged brown scales. (AC +2, +5% HP) [demonic ancestry]
  2823 | Sewer    | Reached XP level 6. HP: 30/51 MP: 6/6
  2935 | D:3      | Reached * piety under Makhleb
  3211 | D:3      | Found a shimmering altar of Xom.
  3219 | D:3      | Reached skill level 1 in Invocations
  3254 | D:3      | Reached skill level 5 in Fighting
  3254 | D:3      | Reached skill level 2 in Invocations
  3364 | D:4      | Gained mutation: You are completely covered in rugged brown scales. (AC +3, +7% HP) [demonic ancestry]
  3364 | D:4      | Reached XP level 7. HP: 53/59 MP: 8/8
  3547 | D:4      | Found a shadowy altar of Dithmenos.
  3578 | D:4      | Reached skill level 3 in Invocations
  3884 | D:4      | Noticed Ijyb
  3885 | D:4      | Noticed Sigmund
  3903 | D:4      | Killed Ijyb
  3908 | D:4      | Killed Sigmund
  3908 | D:4      | Reached skill level 4 in Invocations
  4278 | D:4      | Reached XP level 8. HP: 68/68 MP: 11/11
  4401 | D:5      | Entered Level 5 of the Dungeon
  4422 | D:5      | Reached ** piety under Makhleb
  4528 | D:5      | Reached skill level 5 in Invocations
  4554 | D:5      | Found a staircase to the Ecumenical Temple.
  4562 | D:5      | Reached skill level 5 in Dodging
  4714 | D:5      | Noticed Prince Ribbit
  4733 | D:5      | Killed Prince Ribbit
  4743 | D:5      | Reached skill level 6 in Invocations
  5132 | D:6      | Found an ancient bone altar of Kikubaaqudgha.
  5153 | D:6      | Noticed Edmund
  5168 | D:6      | Killed Edmund
  5168 | D:6      | Reached XP level 9. HP: 73/77 MP: 13/13
  5173 | D:6      | Upgraded the game from 0.21-a0-265-gb353147 to 0.21-a0-267-ga5fc350
  5179 | D:6      | Found a glowing golden altar of the Shining One.
  5339 | D:6      | Noticed Duvessa
  5342 | D:6      | Noticed Dowan
  5363 | D:6      | Killed Duvessa
  5363 | D:6      | Reached skill level 7 in Invocations
  5413 | D:6      | Killed Dowan
  5547 | D:6      | Reached *** piety under Makhleb
  5636 | D:6      | Found a shattered altar of Ashenzari.
  5781 | D:6      | Reached skill level 8 in Invocations
  6009 | D:7      | Reached skill level 1 in Maces & Flails
  6939 | D:7      | Reached XP level 10. HP: 87/87 MP: 16/16
  7191 | D:8      | Identified a scroll of acquirement
  7266 | D:8      | Got a fine glaive
  7267 | D:8      | Identified the +9 glaive of the Abyss {chaos, Int+2} (You found it on level 8 of the Dungeon)
  7363 | D:8      | Found a glowing silver altar of Zin.
  7625 | D:8      | Reached skill level 9 in Invocations
  7868 | D:9      | Found a staircase to the Orcish Mines.
  8042 | D:9      | Noticed a two-headed ogre
  8201 | D:9      | Got a smoking leather armour
  8218 | D:9      | Identified the +5 leather armour of the Earth {Dex+3 Stlth+} (You found it on level 9 of the Dungeon)
  8593 | D:9      | Reached **** piety under Makhleb
  8655 | D:10     | Entered Level 10 of the Dungeon
  8832 | D:10     | Noticed a two-headed ogre
  8834 | D:10     | Killed a two-headed ogre
  8834 | D:10     | Reached skill level 5 in Polearms
  8972 | D:10     | Found a staircase to the Lair.
  9041 | D:10     | Reached skill level 10 in Invocations
  9695 | D:11     | Noticed a green ugly thing
  9701 | D:11     | Killed a green ugly thing
  9712 | D:11     | Reached XP level 11. HP: 72/96 MP: 18/18
  9957 | D:11     | Got an ichor-stained rapier
 10054 | D:11     | Identified the +2 rapier of Eblewn {venom, +Inv rF- rC++ Stlth+} (You found it on level 11 of the Dungeon)
 10076 | D:11     | Reached ***** piety under Makhleb
 10108 | D:11     | Found a frozen archway.
 10116 | IceCv    | Entered an ice cave
 10193 | D:11     | Reached skill level 10 in Fighting
 10211 | D:11     | Reached skill level 11 in Invocations
 10369 | D:11     | Found a basalt altar of Yredelemnul.
 10717 | D:12     | Found a flickering gateway to a bazaar.
 10729 | Bazaar   | Entered a bazaar
 10743 | Bazaar   | Found Mirras's Book Shoppe.
 10764 | Bazaar   | Found Wamupryi's Jewellery Shoppe.
 10781 | Bazaar   | Found Deyweo's General Store.
 10803 | Bazaar   | Found Xuasted's Distillery.
 10803 | Bazaar   | Found Abbuzog's Food Shoppe.
 10865 | Bazaar   | Bought a +6 ring of protection for 624 gold pieces
 10882 | Bazaar   | Bought a +2 ring of evasion for 80 gold pieces
 10939 | D:12     | Got a scorched rapier
 10940 | D:12     | Identified the +2 rapier "Hymuleps" {flame, rPois rN+ Str+3 SInv} (You found it on level 12 of the Dungeon)
 11045 | D:12     | Noticed a deep elf mage
 11053 | D:12     | Killed a deep elf mage
 11114 | D:12     | Found a shadowy altar of Dithmenos.
 11341 | D:12     | Noticed an eight-headed hydra
 11364 | D:12     | Killed an eight-headed hydra
 11592 | D:13     | Noticed a tengu warrior
 11592 | D:13     | Noticed a two-headed ogre
 11599 | D:12     | Killed a two-headed ogre
 11624 | D:13     | Found a gate to the Vaults.
 11624 | D:13     | Noticed a vault guard
 11624 | D:13     | Noticed a vault guard
 11624 | D:13     | Noticed a vault guard
 11625 | D:13     | Noticed a vault guard
 11685 | D:12     | Killed a vault guard
 11757 | D:12     | Killed a vault guard
 11772 | D:12     | Killed a vault guard
 11878 | D:13     | Reached skill level 12 in Invocations
 11886 | D:12     | Banished a vault guard
 11886 | D:12     | Reached XP level 12. HP: 71/103 MP: 21/21
 12072 | D:13     | Identified the +10 short sword "Must" {freeze, -Tele +Inv rF+ MP+9 Dex+7} (You found it on level 13 of the Dungeon)
 12248 | D:13     | Killed a tengu warrior
 12437 | D:13     | Reached skill level 5 in Armour
 12491 | D:13     | Noticed Maurice
 12496 | D:13     | Killed Maurice
 12705 | D:14     | Noticed Urug
 12720 | D:14     | HP: 5/103 [something (38)]
 12720 | D:14     | Demolished by Urug

Vault maps used:
D:1:      sevenhm_arrival_forest_fort_small_5
D:2:      elyvilon_altar_4, uniq_crazy_yiuf_cottage
D:3:      led_xom_imps, lemuel_round_altar, grunt_temple_overflow_open,
          portal_sewer_entry_a, chequers_ecumenical_altar_simple_redux,
          minmay_misc_feat_chi, nicolae_tso_carved_into_rock
D:4:      first_bread, nicolae_dithmenos_through_a_glass_darkly, uniq_ijyb,
          uniq_sigmund
D:5:      temple_statues, uniq_prince_ribbit1
D:6:      kennysheep_mini_moat, nicolae_ashenzari_panopticon, basic_altar,
          hangedman_abyss_or_decor_stagger, uniq_edmund, uniq_duvessa
D:7:      the_bakery, hangedman_abyss_or_decor_lesser_grid
D:8:      old_standard_altar
D:9:      minmay_orc_entry_guard_dogs
D:10:     erik_lair_orcish_takeover, roderic_st_hans_cross
D:11:     portal_ice_cave_entry_pillars_2, basic_altar, nooodl_orcs_dogs
D:12:     serial_shops, bzr_entry_dummy, basic_altar
D:13:     lightli_vaults_fourway_checkpoint, uniq_maurice
D:14:     uniq_urug, uniq_kirke, uniq_louise, uniq_roxanne
Bazaar:   bazaar_long_row
Sewer:    kennysheep_door_sewer
IceCv:    ice_cave_small_necro

Skill      XL: |  1  2  3  4  5  6  7  8  9 10 11 12 |
---------------+-------------------------------------+-----
Dodging        | 1 2 3 4 5 7 8 9 |  9.8
Polearms       | 2 4 5 7 8 |  8.0
Fighting       | 4 5 6 7 8 9 10 | 10.1
Armour         | 2 4 5 |  5.3
Invocations    | 2 4 6 8 10 12 | 12.4
Maces & Flails | 2 |  2.1
Stealth        | |  3.6
Evocations     | |  1.0

Action                   |  1- 3 |  4- 6 |  7- 9 | 10-12 || total
-------------------------+-------+-------+-------+-------++-------
Melee: Spear             |   128 |    24 |       |       ||   152
       Quarterstaff      |       |   116 |   391 |       ||   507
       Flail             |       |       |    98 |    14 ||   112
       Rapier            |       |       |    10 |     8 ||    18
       Dagger            |       |       |    10 |       ||    10
       Glaive            |       |       |       |   476 ||   476
Throw: Stone             |       |       |       |     1 ||     1
Invok: Minor Destruction |       |       |     4 |       ||     4
       Lesser Servant of |       |       |       |     6 ||     6
Evoke: Wand              |       |       |     4 |     6 ||    10
  Use: Scroll            |       |    11 |     7 |    10 ||    28
       Potion            |       |     2 |     2 |       ||     4
 Stab: Sleeping          |     6 |     7 |    11 |    12 ||    36
       Distracted        |       |     1 |       |     1 ||     2
       Invisible         |       |       |     2 |       ||     2
       Paralysed         |       |       |     7 |     1 ||     8
       Petrifying        |       |       |     2 |       ||     2
       Petrified         |       |       |     4 |       ||     4
       Confused          |       |       |     2 |     1 ||     3
  Eat: Chunk             |     2 |     6 |    13 |    16 ||    37
       Fruit             |       |       |       |     3 ||     3
       Royal jelly       |       |       |       |     1 ||     1
Armor: Robe              |     8 |       |       |       ||     8
       Ring mail         |    24 |    56 |       |       ||    80
       Troll leather arm |       |    21 |   237 |   111 ||   369
       Pearl dragon scal |       |       |       |   220 ||   220
Dodge: Dodged            |    47 |   115 |   455 |   538 ||  1155

Table legend:
 A = Spawn XP
 B = Non-spawn XP
 C = Spawn XP percentage of total XP
 D = Spawn monster count
 E = Non-spawn monster count
 F = Spawn count percentage of total count
 G = Total turns spent on level
                    A         B        C        D         E        F      G
               +---------+---------+-------+---------+---------+-------+---------
         Total |       0 |   25881 |   0.0 |       0 |     361 |   0.0 | 12720
               +---------+---------+-------+---------+---------+-------+---------
           D:1 |       0 |      42 |   0.0 |       0 |      22 |   0.0 |  1109
           D:2 |       0 |     131 |   0.0 |       0 |      34 |   0.0 |  1127
           D:3 |       0 |     374 |   0.0 |       0 |      38 |   0.0 |   766
           D:4 |       0 |     808 |   0.0 |       0 |      30 |   0.0 |  1069
           D:5 |       0 |     938 |   0.0 |       0 |      19 |   0.0 |   623
           D:6 |       0 |    1835 |   0.0 |       0 |      36 |   0.0 |   819
           D:7 |       0 |    1439 |   0.0 |       0 |      18 |   0.0 |  1331
           D:8 |       0 |     310 |   0.0 |       0 |       8 |   0.0 |   735
           D:9 |       0 |    1294 |   0.0 |       0 |      14 |   0.0 |   746
          D:10 |       0 |    2947 |   0.0 |       0 |      34 |   0.0 |  1032
          D:11 |       0 |    4380 |   0.0 |       0 |      41 |   0.0 |   972
          D:12 |       0 |    7240 |   0.0 |       0 |      30 |   0.0 |  1074
          D:13 |       0 |    4000 |   0.0 |       0 |      31 |   0.0 |   755
         Sewer |       0 |     143 |   0.0 |       0 |       6 |   0.0 |   330
               +---------+---------+-------+---------+---------+-------+---------
